 Dungeon Crawl Stone Soup version 0.31-a0-8-gd14b0f4ee2 (webtiles) character file.

Game seed: 604888774083870574

39 Kuronicle the Trooper (level 3, -1/39 HPs)
             Began as an Ogre Berserker on May 6, 2023.
             Was a Believer of Trog.
             Slain by a gnoll
             ... wielding a +0 spear
              (8 damage)
             ... on level 2 of the Dungeon.
             The game lasted 00:04:13 (1450 turns).

Kuronicle the Trooper (Ogre Berserker)              Turns: 1450, Time: 00:04:14

Health: -1/39      AC:  4    Str: 23    XL:     3   Next: 45%
Magic:  3/3        EV: 10    Int:  5    God:    Trog [**....]
Gold:   81         SH:  0    Dex: 15    Spells: 2/2 levels left

rFire   . . .        c - +0 war axe
rCold   . . .        (no shield)
rNeg    + . .        a - +1 animal skin
rPois   .            b - +0 hat of Bitterness {rN+ Int-3 Dex+7}
rElec   .            (no cloak)
rCorr   .            (gloves unavailable)
SInv    .            (boots unavailable)
Will    .....        (no amulet)
Stlth   ++           (no ring)
HPRegen 0.26/turn    (no ring)
MPRegen 0.08/turn

%: no passive effects
@: no status effects
A: large, unfitting armour, tough skin 1
a: Renounce Religion, Berserk, Trog's Hand


You were on level 2 of the Dungeon.
You worshipped Trog.
Trog was pleased with you.
You visited 1 branch of the dungeon, and saw 2 of its levels.

You collected 81 gold pieces.

Inventory:

Hand Weapons
 c - a +0 war axe (weapon)
Armour
 a - a +1 animal skin (worn)
 b - the +0 hat of Bitterness (worn) {rN+ Int-3 Dex+7}
   (You acquired it on level 1 of the Dungeon)

   Int:       It affects your intelligence (-3).
   Dex:       It affects your dexterity (+7).
   rN:        It protects you from negative energy.
 e - a +0 robe
Magical Staves
 d - a staff of air
Potions
 g - a potion of curing
 i - 2 potions of flight


   Skills:
 + Level 4.3 Fighting
 * Level 1.1 Axes
 * Level 0.6 Armour
 + Level 3.0 Dodging
 * Level 0.6 Stealth
 * Level 2.9 Unarmed Combat


You had 2 spell levels left.
You didn't know any spells.
Your spell library was empty.

Dungeon Overview and Level Annotations

Branches:
Dungeon (2/15)

Altars:


Innate Abilities, Weirdness & Mutations

You are too large for most types of armour.
You have tough skin. (AC +1)


Message History

Found a potion of flight, 5 curare-tipped darts and a robe.
There is a stone staircase leading up here.
You see here 5 curare-tipped darts.
You see here a +0 robe.
i - 2 potions of flight (gained 1)
You see here a +0 robe.
e - a +0 robe A gnoll comes into view. It is wielding a +0 halberd.
Found 11 gold pieces.
Found a stone staircase leading down.
The gnoll shouts!
A gnoll comes into view. It is wielding a +0 club.
The gnoll barely misses you. The gnoll hits you with a +0 halberd!
The gnoll shouts!
You hit the gnoll.
The gnoll is lightly wounded.
You barely miss the gnoll.
The gnoll is lightly wounded.
The gnoll hits you with a +0 halberd!
You hit the gnoll. You punch the gnoll.
The gnoll is severely wounded.
The gnoll hits you with a +0 halberd!
* * * LOW HITPOINT WARNING * * *
A gnoll comes into view. It is wielding a +0 spear.
You barely miss the gnoll.
The gnoll is severely wounded.
The gnoll barely misses you.
The gnoll shouts!
You hit the gnoll but do no damage.
The gnoll is severely wounded.
The gnoll completely misses you.
You hit the gnoll.
You kill the gnoll!
Trog accepts your kill.
The gnoll hits you from afar with a +0 spear.
* * * LOW HITPOINT WARNING * * *
Your Axes skill increases to level 1!
c - a +0 war axe (weapon)
The gnoll hits you from afar with a +0 spear!
You die...

#####.###..
.......... ##
#........# ...
..#.##..#
#..###.#.##.>#
#........##..#
#..##...###..#
#.....<......#
##.##.(.###@##
##.## #)# #.#
#g# #.# .g.
#.. .#$ ### ..
.. .# ## #.


You could see 2 gnolls.

Vanquished Creatures
  A gnoll (D:2)
  2 bats (D:1)
  4 endoplasms (D:1)
  6 hobgoblins (D:1)
  3 quokkas (D:1)
  A ball python (D:1)
  8 frilled lizards (D:1)
  3 rats (D:1)
28 creatures vanquished.

Notes
Turn   | Place    | Note
-------+----------+-------------------------------------------
     0 | D:1      | Kuronicle the Ogre Berserker began the quest for the Orb.
     0 | D:1      | Reached XP level 1. HP: 24/24 MP: 1/1
   223 | D:1      | Reached XP level 2. HP: 32/32 MP: 2/2
   748 | D:1      | Reached ** piety under Trog
   749 | D:1      | Reached XP level 3. HP: 30/39 MP: 3/3
   752 | D:1      | Identified a scroll of acquirement
   752 | D:1      | Acquired the +0 hat of Bitterness {rN+ Int-3 Dex+7}
  1450 | D:2      | Reached skill level 1 in Axes
  1450 | D:2      | Slain by a gnoll

Illustrated notes

Levels and vault maps discovered:
D:1:      sevenhm_arrival_forest_fort_large_3, layout_loops_ring, nrook_uturn,
          minmay_misc_feat_iff, minmay_lizard_pond
D:2:      minmay_alternating_diamond, layout_loops_ring,
          ebering_ecumenical_altar_webs, uniq_crazy_yiuf_cottage, uniq_natasha

Skill      XL: |  1  2  3 |
---------------+----------+-----
Dodging        | 3 |  3.0
Axes           | 1 |  1.1
Fighting       | |  4.3
Armour         | |  0.6
Stealth        | |  0.6
Unarmed Combat | |  2.9

Action                     || total
---------------------------++-------
  Melee: Unarmed           ||    24
         War axe           ||    75
         Punch             ||     1
    Use: Scroll            ||     6
 Armour: Animal skin       ||    34
  Dodge: Dodged            ||    68

Table legend: (Time is in decaauts)
 A = Elapsed time spent in this place.
 B = Non-inter-level travel time spent in this place.
 C = Inter-level travel time spent in this place.
 D = Time resting spent in this place.
 E = Time spent auto-exploring this place.
 F = Levels seen in this place.
 G = Mean time per level.
                   A        B        C        D        E       F      G
               +--------+--------+--------+--------+--------+-----+--------+
         Total |   1483 |   1176 |    307 |      0 |    806 |   2 |  741.5 |
       Dungeon |   1483 |   1176 |    307 |      0 |    806 |   2 |  741.5 |
               +--------+--------+--------+--------+--------+-----+--------+

Top non-repeatable levels by time:
     D:1: 1463 daAuts
     D:2: 19 daAuts
